[Event "Titled Tuesday Blitz February 07 Late 2023"]
[White "Haszon, David"]
[Black "Cori T., Deysi"]
[WhiteFideId "733610"]
[BlackFideId "3801934"]
[WhiteElo "2264"]
[BlackElo "2362"]
[Result "0-1"]
[Round "08"]
[TimeControl "180+2"]
[Date "2023.02.07"]
[WhiteClock "0:00:05"]
[BlackClock "0:01:12"]

1. e4 e6 2. d4 d5 3. Nd2 c5 4. exd5 Qxd5 5. Ngf3 cxd4 6. Bc4 Qd6 7. O-O Nf6 8. Nb3 Nc6 9. Nbxd4 Nxd4 10. Nxd4 Qc7 11. Bb5+ Bd7 12. c3 a6 13. Bxd7+ Qxd7 14. Re1 Be7 15. Qf3 O-O 16. Bf4 Nd5 17. Be5 Bf6 18. Rad1 Qc8 19. Bxf6 Nxf6 20. g3 Rd8 21. b3 Qc5 22. Nc2 b5 23. Nb4 a5 24. Nc6 Rdc8 25. Ne5 Ra7 26. c4 Rac7 27. cxb5 Qxb5 28. Nc4 Qc5 29. Nd6 Rf8 30. Nc4 a4 31. Ne5 a3 32. Nc4 h6 33. Qe3 Qb4 34. Qd2 Qe7 35. Qd6 Nd5 36. Rxd5 Rfc8 37. Qxe7 Rxe7 38. Ra5 Rd7 39. Rxa3 Rd3 40. Ra7 Rcd8 41. Re2 Rd1+ 42. Kg2 Ra1 43. b4 Rdd1 44. Rb7 g5 45. h3 h5 46. g4 hxg4 47. hxg4 Rg1+ 48. Kf3 Rac1 49. Nd6 Rc3+ 50. Re3 Rc2 51. Nxf7 Rf1 52. Nxg5 Rfxf2+ 53. Ke4 Rc4+ 54. Ke5 Rxg4 55. Nxe6 Rh4 56. Kd6 Rd2+ 57. Ke7 Rh7+ 58. Ke8 Rxb7 59. Rg3+ Kh7 60. Rh3+ Kg6 61. Rg3+ Kf6 62. Nd8 Re7+ 63. Kf8 Rxd8# 0-1


[Site "https://www.chess.com"]

[Event "Titled Tuesday Blitz February 07 Late 2023"]
[White "Figorito, Nick"]
[Black "Yang, Qindong"]
[WhiteFideId "30923689"]
[BlackFideId "8603758"]
[WhiteElo "2036"]
[BlackElo "2127"]
[Result "0-1"]
[Round "08"]
[TimeControl "180+2"]
[Date "2023.02.07"]
[WhiteClock "0:00:01"]
[BlackClock "0:00:05"]

1. Nf3 Nf6 2. g3 g6 3. Bg2 Bg7 4. O-O O-O 5. c4 d6 6. Nc3 e5 7. d3 Nc6 8. Rb1 a5 9. a3 h6 10. b4 axb4 11. axb4 Be6 12. b5 Ne7 13. Ne1 Qc8 14. Nc2 Bh3 15. Nb4 Bxg2 16. Kxg2 c5 17. bxc6 bxc6 18. Ne4 Nxe4 19. dxe4 Qe6 20. Qd3 f5 21. Rd1 Rad8 22. Ba3 Qf6 23. exf5 gxf5 24. Nc2 f4 25. f3 Nf5 26. g4 Nh4+ 27. Kh1 h5 28. Rg1 Kh8 29. gxh5 Nf5 30. Rg4 Rf7 31. Rbg1 Qh6 32. Rg5 Ne7 33. c5 d5 34. Bb2 Qe6 35. Qb3 Bf6 36. Rg6 Nxg6 37. Rxg6 Rg8 38. Qd3 Rxg6 39. Qxg6 Rg7 40. Qh6+ Kg8 41. Ne1 Qh3 42. Qg6 Qf1+ 0-1


[Site "https://www.chess.com"]

[Event "Titled Tuesday Blitz February 07 Late 2023"]
[White "Battlecruiser_Operational"]
[Black "ArchibaldCerveza29"]
[WhiteElo "2371"]
[BlackElo "2520"]
[Result "0-1"]
[Round "08"]
[TimeControl "180+2"]
[Date "2023.02.07"]
[WhiteClock "0:00:17"]
[BlackClock "0:01:25"]

1. e4 e5 2. Nf3 Nc6 3. Bb5 g6 4. O-O Bg7 5. c3 a6 6. Ba4 Nge7 7. d4 exd4 8. cxd4 b5 9. Bb3 d6 10. h3 O-O 11. Nc3 Na5 12. Bc2 c5 13. Bg5 h6 14. Bh4 g5 15. Bg3 Nc4 16. Rb1 Nc6 17. Ne2 Qb6 18. b3 Na3 19. Bxd6 Nxd4 20. Bxf8 Nxf3+ 21. gxf3 Kxf8 22. Kg2 Nxb1 23. Bxb1 Be6 24. Qc1 c4 25. h4 gxh4 26. Nf4 h3+ 27. Nxh3 cxb3 28. axb3 Rc8 29. Qa3+ b4 30. Qa4 Bxh3+ 31. Kxh3 Rc3 32. Kg2 Qg6+ 33. Kh2 Be5+ 34. Kh1 Qh5+ 35. Kg2 Qh2# 0-1


[Site "https://www.chess.com"]

[Event "Titled Tuesday Blitz February 07 Late 2023"]
[White "Reprintsev, Alexander"]
[Black "Gatterer, Florian"]
[WhiteFideId "14100541"]
[BlackFideId "811688"]
[WhiteElo "2253"]
[BlackElo "2170"]
[Result "1-0"]
[Round "08"]
[TimeControl "180+2"]
[Date "2023.02.07"]
[WhiteClock "0:00:39"]
[BlackClock "0:00:01"]

1. e4 d5 2. exd5 Qxd5 3. Nc3 Qd8 4. d4 Nf6 5. Bc4 Bf5 6. Nge2 e6 7. Ng3 Bg6 8. h4 h6 9. h5 Bh7 10. Be3 c6 11. Bd3 Bxd3 12. Qxd3 Nbd7 13. O-O-O Qa5 14. Kb1 Bb4 15. Bd2 Nd5 16. Nxd5 cxd5 17. c3 Be7 18. f4 f5 19. Rde1 Kf7 20. Nxf5 Nf6 21. Nxe7 Kxe7 22. Qg6 Rhf8 23. f5 Ne4 24. Qxe6+ Kd8 25. Bf4 Rf6 26. Qg8+ Kd7 27. Qxg7+ Kc6 28. Rxe4 Rxf5 29. Re6+ Kb5 30. Qxb7+ Kc4 31. b3+ Kxc3 32. Rc1+ Kd3 33. Re3+ Kxd4 34. Rd1+ Kc5 35. Qxa8 Qb4 36. Rxd5+ Rxd5 37. Qf8+ Kb5 38. Qxb4+ Kxb4 39. g4 Rd1+ 40. Kc2 Rf1 41. Bxh6 Rf2+ 42. Kd3 Rxa2 43. Ke4 Kb5 44. g5 Kc6 45. g6 Rg2 46. Ke5 a5 47. Kf6 Rf2+ 48. Kg7 a4 49. bxa4 Rg2 50. Kh7 Kd5 51. g7 Kd4 52. g8=Q Rxg8 53. Kxg8 Kd5 54. Bf4 Kd4 55. h6 Kd5 56. h7 Kd4 57. h8=Q+ Kd5 58. Qe5+ Kc6 59. Rc3+ Kb7 60. Qc7+ 1-0


[Site "https://www.chess.com"]

[Event "Titled Tuesday Blitz February 07 Late 2023"]
[White "Fernandez Siles, Luis"]
[Black "Seletsky, Grigory"]
[WhiteFideId "2209420"]
[BlackFideId "14112191"]
[WhiteElo "2218"]
[BlackElo "2259"]
[Result "1-0"]
[Round "08"]
[TimeControl "180+2"]
[Date "2023.02.07"]
[WhiteClock "0:00:11"]
[BlackClock "0:00:56"]

1. d4 d5 2. c4 c6 3. Nc3 Nf6 4. cxd5 cxd5 5. Bf4 Nc6 6. e3 e6 7. Bd3 a6 8. Rc1 Bd6 9. Bxd6 Qxd6 10. f4 O-O 11. Nf3 b5 12. O-O Bb7 13. Ne5 Rac8 14. Qf3 Na5 15. Qh3 g6 16. g4 Nc4 17. g5 Nd7 18. Bxc4 dxc4 19. Ng4 f5 20. gxf6 Nxf6 21. Ne5 b4 22. Ne2 Qd5 23. Ng3 c3 24. bxc3 Rxc3 25. Rb1 a5 26. Rb2 Rfc8 27. Rd2 Kg7 28. Ng4 Nxg4 29. Qxg4 Rxe3 30. Qh4 Qh1+ 31. Nxh1 Rc7 32. Ng3 Bd5 33. Re2 Rd3 34. f5 exf5 35. Re7+ Kf8 36. Rxc7 1-0


[Site "https://www.chess.com"]

[Event "Titled Tuesday Blitz February 07 Late 2023"]
[White "Dragomirescu, Angela"]
[Black "Jorajuria Mendoza, Algol"]
[WhiteFideId "1209914"]
[BlackFideId "5128897"]
[WhiteElo "2130"]
[BlackElo "2069"]
[Result "1-0"]
[Round "08"]
[TimeControl "180+2"]
[Date "2023.02.07"]
[WhiteClock "0:01:35"]
[BlackClock "0:00:17"]

1. e4 c5 2. Nf3 e6 3. d4 cxd4 4. Nxd4 Nc6 5. Nc3 Nf6 6. Ndb5 d6 7. Bf4 e5 8. Bg5 a6 9. Na3 b5 10. Nd5 Be7 11. Bxf6 Bxf6 12. c4 b4 13. Nc2 O-O 14. g3 a5 15. Bg2 Be6 16. O-O Bg5 17. h4 Bh6 18. Qd3 Rc8 19. Rad1 f5 20. exf5 Bxf5 21. Be4 Bg4 22. f3 Bh3 23. Bxh7+ Kh8 24. Rf2 Ne7 25. Nxe7 Qxe7 26. Be4 Rf6 27. Ne3 Qf8 28. b3 g5 29. hxg5 Bxg5 30. Rh2 Kg7 31. Rxh3 Rd8 32. Rh7+ Kg8 33. Bd5+ 1-0


[Site "https://www.chess.com"]

[Event "Titled Tuesday Blitz February 07 Late 2023"]
[White "Prieto Aranguren, Alain"]
[Black "Jimenez Almeida, Luis David"]
[WhiteFideId "2268906"]
[BlackFideId "22242244"]
[WhiteElo "2258"]
[BlackElo "2242"]
[Result "0-1"]
[Round "08"]
[TimeControl "180+2"]
[Date "2023.02.07"]
[WhiteClock "0:00:23"]
[BlackClock "0:00:14"]

1. e4 c6 2. d4 Na6 3. Nf3 g6 4. c3 Nc7 5. Bd3 Bg7 6. O-O d6 7. Bg5 h6 8. Bh4 g5 9. Bg3 Nf6 10. Nfd2 Bg4 11. f3 Bh5 12. Qe1 e5 13. Na3 O-O 14. Nac4 b5 15. Ne3 Bg6 16. a4 a6 17. Qe2 exd4 18. cxd4 Ne6 19. Nb3 Nh5 20. d5 Nef4 21. Qc2 c5 22. axb5 Nxg3 23. hxg3 Nxd3 24. Qxd3 axb5 25. Qxb5 Bxb2 26. Rxa8 Qxa8 27. Ng4 Rb8 28. Qa5 h5 29. Qxa8 Rxa8 30. Ne3 Ra3 31. Nc4 Rxb3 32. Nxd6 Be5 33. Nc4 Bxg3 34. d6 Rd3 35. Rb1 Bxd6 36. Rb7 Bg3 37. Kf1 Rc3 38. Nb6 g4 39. Nd7 gxf3 40. Nf6+ Kg7 41. Ne8+ Kf8 0-1


[Site "https://www.chess.com"]

[Event "Titled Tuesday Blitz February 07 Late 2023"]
[White "Rizzo, Tobias"]
[Black "Iljin, Timofey"]
[WhiteFideId "30942691"]
[BlackFideId "14110180"]
[WhiteElo "1867"]
[BlackElo "2329"]
[Result "0-1"]
[Round "08"]
[TimeControl "180+2"]
[Date "2023.02.07"]
[WhiteClock "0:00:43"]
[BlackClock "0:02:04"]

1. d4 Nf6 2. Bg5 d5 3. Bxf6 gxf6 4. e3 e5 5. dxe5 fxe5 6. Nf3 Nc6 7. Bb5 Bg7 8. O-O O-O 9. c4 d4 10. exd4 exd4 11. Ne1 d3 12. Nxd3 Bf5 13. c5 a6 14. Bc4 Na5 15. Qf3 Bg6 16. Bd5 c6 17. Be4 f5 18. Nf4 fxe4 19. Qg4 Qf6 20. g3 Qxb2 21. Qe6+ Bf7 0-1


[Site "https://www.chess.com"]

[Event "Titled Tuesday Blitz February 07 Late 2023"]
[White "Nunez V, Gustavo Eduardo"]
[Black "Fiorito, Francisco"]
[WhiteFideId "4403690"]
[BlackFideId "180165"]
[WhiteElo "2212"]
[BlackElo "2305"]
[Result "0-1"]
[Round "08"]
[TimeControl "180+2"]
[Date "2023.02.07"]
[WhiteClock "0:00:03"]
[BlackClock "0:01:07"]

1. e4 c5 2. Nc3 Nc6 3. g3 g6 4. Bg2 Bg7 5. Nge2 d6 6. O-O e6 7. d3 Nge7 8. Be3 O-O 9. Qd2 Nd4 10. f4 Nec6 11. Rf2 b5 12. Bxd4 Nxd4 13. e5 Rb8 14. exd6 Qxd6 15. Ne4 Qc7 16. c3 Nf5 17. g4 Ne7 18. Bh1 Bb7 19. N2g3 Rfd8 20. Raf1 f5 21. Ng5 Rd6 22. Bxb7 Rxb7 23. Re1 Rbb6 24. Rfe2 Qd7 25. Qe3 Nd5 26. Qf2 h6 27. Nf3 Nxf4 28. gxf5 Nh3+ 29. Kg2 Nxf2 30. Rxf2 exf5 31. d4 cxd4 32. cxd4 Re6 33. Rfe2 Rxe2+ 34. Rxe2 Re6 35. Rd2 f4 36. Ne2 g5 37. h3 Qd5 38. Nc3 Qb7 39. d5 Re3 40. Nd1 Re8 41. Nf2 Rd8 42. Ne4 Rxd5 43. Re2 Rd3 44. Kf2 Qd5 45. Nc3 Qxf3+ 46. Ke1 Bxc3+ 47. bxc3 Re3 48. Rxe3 fxe3 49. c4 Qf2+ 50. Kd1 Qd2# 0-1


[Site "https://www.chess.com"]

[Event "Titled Tuesday Blitz February 07 Late 2023"]
[White "Rego, Pedro Filipe"]
[Black "Mazurkiewicz, Michal"]
[WhiteFideId "1904310"]
[BlackFideId "1124943"]
[WhiteElo "2312"]
[BlackElo "2145"]
[Result "1-0"]
[Round "08"]
[TimeControl "180+2"]
[Date "2023.02.07"]
[WhiteClock "0:00:58"]
[BlackClock "0:00:13"]

1. c4 Nf6 2. g3 g6 3. Bg2 Bg7 4. Nc3 O-O 5. Nf3 d6 6. O-O c5 7. d4 cxd4 8. Nxd4 Qa5 9. e3 Nc6 10. Nxc6 bxc6 11. Bxc6 Rb8 12. Qd2 Qh5 13. Bg2 Ng4 14. h4 Ne5 15. Qe2 Qxe2 16. Nxe2 Nxc4 17. Nd4 Bd7 18. b3 Ne5 19. Bb2 Nd3 20. Bc3 Rfc8 21. Ba5 Rc5 22. Rfd1 Nb2 23. Rd2 Nc4 24. bxc4 Rxa5 25. Rc1 Rc8 26. Nb3 Ra6 27. Bb7 Ra3 28. Bxc8 Bxc8 29. c5 Bf6 30. cxd6 exd6 31. Rxc8+ 1-0


[Site "https://www.chess.com"]

[Event "Titled Tuesday Blitz February 07 Late 2023"]
[White "Matko, Ognjen"]
[Black "Schuster, Karsten"]
[WhiteFideId "14509717"]
[BlackFideId "4611071"]
[WhiteElo "2295"]
[BlackElo "2309"]
[Result "0-1"]
[Round "08"]
[TimeControl "180+2"]
[Date "2023.02.07"]
[WhiteClock "0:00:14"]
[BlackClock "0:01:29"]

1. e4 c6 2. d4 d5 3. exd5 cxd5 4. Bd3 Nc6 5. c3 Nf6 6. h3 g6 7. Bf4 Bf5 8. Bxf5 gxf5 9. Qb3 Qc8 10. Nd2 Bg7 11. Ne2 O-O 12. O-O e6 13. Rfe1 Ne4 14. Nf3 Ne7 15. Rac1 Ng6 16. Qd1 b5 17. Bh2 Bh6 18. Rc2 Qc4 19. b3 Qc6 20. Ne5 Nxe5 21. Bxe5 Rfc8 22. Qd3 Kf8 23. f3 Nd6 24. Nf4 Bxf4 25. Bxf4 Ne8 26. Bh6+ Kg8 27. Qd2 Qd6 28. Qg5+ Kh8 29. Rce2 Qd8 30. Qd2 Qf6 31. Bf4 Qg6 32. Be5+ Kg8 33. g4 fxg4 34. Rg2 h5 35. fxg4 h4 36. Rf2 f6 37. Bh2 Rc6 38. Ref1 Rac8 39. Be5 Rxc3 40. Bxf6 Rg3+ 41. Kh2 Rcc3 42. Be5 Rxh3+ 43. Kg2 Qxg4+ 0-1


[Site "https://www.chess.com"]

[Event "Titled Tuesday Blitz February 07 Late 2023"]
[White "Urbina Perez, Juan Antonio"]
[Black "Gerbelli Neto, Eduardo"]
[WhiteFideId "2217368"]
[BlackFideId "2103281"]
[WhiteElo "2266"]
[BlackElo "2114"]
[Result "0-1"]
[Round "08"]
[TimeControl "180+2"]
[Date "2023.02.07"]
[WhiteClock "0:00:02"]
[BlackClock "0:00:12"]

1. c4 c5 2. g3 Nf6 3. Bg2 d5 4. Nf3 Nc6 5. cxd5 Nxd5 6. O-O e5 7. Nc3 Nc7 8. d3 Be7 9. Bd2 O-O 10. a4 Be6 11. a5 f6 12. a6 Nxa6 13. Ng5 fxg5 14. Bxc6 bxc6 15. Rxa6 Rb8 16. Ne4 Rb6 17. Rxa7 Bd5 18. Qc2 Bf6 19. Be3 Qb8 20. Rfa1 Rxb2 21. Qxc5 Rb1+ 22. Kg2 Rxa1 23. Rxa1 Qb2 24. Ra7 h6 25. Kf1 Bxe4 26. dxe4 Qb1+ 27. Kg2 Qxe4+ 28. f3 Qd5 29. Rc7 g4 30. Qxc6 gxf3+ 31. exf3 Qxc6 32. Rxc6 Rb8 33. Bc5 Rb2+ 34. Kh3 Rc2 35. Rc7 Rc3 36. Kg4 Kh7 37. Bd6 Rd3 38. Rc6 Rd4+ 39. Kh3 Rd5 40. f4 e4 41. Bb4 e3 42. Re6 Bd4 43. Kg4 Rb5 44. Be1 Rb1 45. Ba5 Rb2 46. h4 Rf2 47. h5 e2 0-1


[Site "https://www.chess.com"]

[Event "Titled Tuesday Blitz February 07 Late 2023"]
[White "Rian, Kapriaga"]
[Black "Ramirez Allo, Eduardo"]
[WhiteFideId "7103263"]
[BlackFideId "2224178"]
[WhiteElo "2089"]
[BlackElo "2274"]
[Result "1-0"]
[Round "08"]
[TimeControl "180+2"]
[Date "2023.02.07"]
[WhiteClock "0:01:19"]
[BlackClock "0:01:12"]

1. d4 Nf6 2. Nf3 g6 3. Bg5 Bg7 4. Nbd2 O-O 5. e4 d6 6. c3 c5 7. dxc5 dxc5 8. Be2 b6 9. O-O Bb7 10. Qc2 Nbd7 11. Rfe1 e6 12. e5 h6 13. exf6 Nxf6 14. Bh4 g5 15. Bg3 Nh5 16. Bf1 Nxg3 17. hxg3 Qc7 18. Rad1 g4 19. Nh4 h5 20. Bd3 Bf6 21. Be4 Rae8 22. Bxb7 Qxb7 23. Ne4 Bg7 24. Nd6 Qe7 25. Nxe8 Qxe8 26. Re2 f5 27. Qb3 Rf6 28. Rde1 Kf7 29. Nxf5 Rxf5 30. Rxe6 Qc8 31. Rc6+ c4 32. Qxc4+ 1-0


[Site "https://www.chess.com"]

[Event "Titled Tuesday Blitz February 07 Late 2023"]
[White "Todev, Simeon"]
[Black "Rodriguez Fontecha, Marcos"]
[WhiteFideId "2925133"]
[BlackFideId "2256576"]
[WhiteElo "2033"]
[BlackElo "2309"]
[Result "1/2-1/2"]
[Round "08"]
[TimeControl "180+2"]
[Date "2023.02.07"]
[WhiteClock "0:00:03"]
[BlackClock "0:00:12"]

1. e4 d5 2. exd5 Qxd5 3. Nc3 Qd8 4. d4 Bf5 5. Nf3 e6 6. Bd3 Bxd3 7. Qxd3 c6 8. O-O Nf6 9. Bg5 Bd6 10. Ne4 Be7 11. Bxf6 Bxf6 12. c4 O-O 13. Rad1 Be7 14. d5 cxd5 15. cxd5 exd5 16. Qxd5 Qxd5 17. Rxd5 Re8 18. Rfd1 Nc6 19. Rd7 Rad8 20. Rxd8 Rxd8 21. Rxd8+ Nxd8 22. Nc3 Bf6 23. Nb5 a6 24. Nbd4 g5 25. g4 Kf8 26. Kf1 Ke7 27. Ke2 Ne6 28. Nxe6 Kxe6 29. Kd3 h6 30. b3 Kd5 31. Nd2 Bd8 32. Nc4 b5 33. Ne3+ Ke5 34. Nf5 h5 35. Nh6 Kf6 36. gxh5 Bc7 37. Ke4 Ke6 38. h3 Bb6 39. f3 Ba5 40. Nf5 Bc3 41. h6 Bh8 42. a4 bxa4 43. bxa4 Kf6 44. Nd6 Kg6 45. h7 Ba1 46. Kd5 f5 47. Ke6 f4 48. Nf7 Kxh7 49. Nxg5+ Kg6 50. Ne4 Bd4 51. Kd5 Be3 52. Nd6 Kg5 53. Ke4 Bd2 54. Nf5 a5 55. h4+ Kh5 56. Kd5 Kg6 57. Ke6 Bc1 58. Ne7+ Kh5 59. Nf5 Kg6 60. Nd4 Kh5 61. Kf5 Kxh4 62. Ne2 Bd2 63. Nxf4 Kg3 64. Ne6 Kxf3 65. Nd4+ Ke3 66. Nc6 Kd3 67. Ke5 Kc4 68. Kd6 Kb3 69. Kc5 Kxa4 70. Nxa5 1/2-1/2


[Site "https://www.chess.com"]

[Event "Titled Tuesday Blitz February 07 Late 2023"]
[White "Bozorov, Makhsum"]
[Black "Cueto, Jonny"]
[WhiteFideId "14201330"]
[BlackFideId "3300145"]
[WhiteElo "2145"]
[BlackElo "2122"]
[Result "1/2-1/2"]
[Round "08"]
[TimeControl "180+2"]
[Date "2023.02.07"]
[WhiteClock "0:00:10"]
[BlackClock "0:00:08"]

1. e4 e6 2. d4 d5 3. exd5 exd5 4. Bd3 Bd6 5. Qf3 Ne7 6. Ne2 Nd7 7. Bf4 Nf6 8. h3 Be6 9. Nd2 a6 10. O-O Ng6 11. Bxd6 Qxd6 12. c3 O-O 13. Rfe1 Rfe8 14. Qg3 Qd7 15. Nf4 Bf5 16. Nxg6 Bxg6 17. Bxg6 hxg6 18. Re5 Rxe5 19. dxe5 Ne4 20. Nxe4 dxe4 21. Re1 Qd3 22. Qxd3 exd3 23. Rd1 Rd8 24. f4 Kf8 25. Kf2 c5 26. c4 Rd4 27. Ke3 Rxc4 28. Rxd3 Rc2 29. Rb3 b5 30. g4 Rh2 31. Ke4 Ke7 32. Ra3 Rxb2 33. Rxa6 Rb4+ 34. Ke3 Rc4 35. f5 Rc3+ 36. Ke4 Rxh3 37. Ra7+ Ke8 38. Kd5 c4 39. Rb7 gxf5 40. gxf5 Ra3 41. Rxb5 c3 42. Rb8+ Ke7 43. Rb7+ Ke8 44. Rc7 Kd8 45. Rc4 Ra5+ 46. Kd6 Ra6+ 47. Kd5 Ra5+ 48. Kd4 Rxa2 49. Rxc3 Rd2+ 50. Ke4 Ra2 51. Rb3 Ra4+ 52. Kd5 Ra5+ 53. Kd4 Ra4+ 54. Kd5 Ra5+ 55. Ke4 Ra4+ 56. Ke3 Ra5 57. Kf4 Ra4+ 58. Kg5 Ra5 59. Re3 Ke7 60. Kf4 Ra4+ 61. Kf3 Ra5 62. Kf4 Ra4+ 63. Kf3 Ra5 64. Kf4 1/2-1/2


[Site "https://www.chess.com"]

[Event "Titled Tuesday Blitz February 07 Late 2023"]
[White "lisjakzlatko1"]
[Black "Dzierzak, Radoslaw"]
[BlackFideId "1161407"]
[WhiteElo "2213"]
[BlackElo "2220"]
[Result "0-1"]
[Round "08"]
[TimeControl "180+2"]
[Date "2023.02.07"]
[WhiteClock "0:00:02"]
[BlackClock "0:01:05"]

1. e4 c6 2. d4 d5 3. f3 e6 4. Nc3 Bb4 5. Ne2 Ne7 6. a3 Ba5 7. Be3 O-O 8. b4 Bc7 9. h4 a5 10. Rb1 axb4 11. axb4 e5 12. h5 h6 13. Qd2 dxe4 14. fxe4 exd4 15. Nxd4 Bg3+ 16. Bf2 Bxf2+ 17. Qxf2 Ra3 18. Nb3 Qd6 19. Qc5 Qg3+ 20. Qf2 Qxc3+ 21. Nd2 Ra1 22. Rxa1 Qxa1+ 23. Ke2 Bg4+ 24. Nf3 Rd8 0-1


[Site "https://www.chess.com"]

[Event "Titled Tuesday Blitz February 07 Late 2023"]
[White "Sabar, Ethmane Daouda"]
[Black "Forgacs, Attila Jr."]
[WhiteFideId "19600097"]
[BlackFideId "773654"]
[WhiteElo "2040"]
[BlackElo "2264"]
[Result "0-1"]
[Round "08"]
[TimeControl "180+2"]
[Date "2023.02.07"]
[WhiteClock "0:00:01"]
[BlackClock "0:00:57"]

1. e4 e5 2. Bc4 Nc6 3. Nf3 Nf6 4. d4 exd4 5. O-O Nxe4 6. Re1 d5 7. Bxd5 Qxd5 8. Nc3 Qd7 9. Nxe4 Be7 10. Nc5 Qd5 11. b4 O-O 12. Nd3 Bg4 13. b5 Qxb5 14. Re4 Bxf3 15. Qxf3 Bf6 16. Ba3 Rfe8 17. Rae1 Na5 18. g4 Nc4 19. Bc1 h6 20. h4 Bxh4 21. Rxd4 Rxe1+ 22. Nxe1 Re8 23. Nd3 Ne5 24. Nxe5 Qxe5 25. Rd1 Qe2 26. Qxe2 Rxe2 27. Be3 Rxc2 28. Rd7 Kf8 29. Kg2 Ke8 30. Rd5 Bf6 0-1


[Site "https://www.chess.com"]

[Event "Titled Tuesday Blitz February 07 Late 2023"]
[White "Yedidia, Daniel"]
[Black "Smith, Garrett L"]
[WhiteFideId "30905907"]
[BlackFideId "2024829"]
[WhiteElo "2041"]
[BlackElo "2047"]
[Result "1-0"]
[Round "08"]
[TimeControl "180+2"]
[Date "2023.02.07"]
[WhiteClock "0:00:10"]
[BlackClock "0:00:06"]

1. d4 Nf6 2. c4 g6 3. Nc3 d5 4. cxd5 Nxd5 5. Bd2 Bg7 6. e4 Nxc3 7. Bxc3 O-O 8. Qd2 c5 9. d5 Qd6 10. Nf3 Bxc3 11. bxc3 e6 12. c4 exd5 13. e5 Re8 14. Be2 Qc7 15. cxd5 Bg4 16. d6 Qc6 17. O-O Nd7 18. h3 Bxf3 19. Bxf3 Qa6 20. Rab1 Rab8 21. Be2 b5 22. f4 c4 23. Kh1 Qb6 24. Bf3 a5 25. Bd5 Qc5 26. Rbd1 c3 27. Qe2 Nb6 28. Bb3 a4 29. Bc2 Nc4 30. Rf3 Nxd6 31. Qd3 Nf5 32. Qxc3 Rec8 33. Qxc5 Rxc5 34. Bxf5 gxf5 35. Rg3+ Kf8 36. Rg5 b4 37. Rxf5 b3 38. axb3 axb3 39. Rd7 b2 40. Rfxf7+ Kg8 41. Rg7+ Kf8 42. Rdf7+ Ke8 43. e6 b1=Q+ 44. Kh2 Qg6 45. Rxg6 hxg6 46. Rg7 Rb2 47. Rxg6 Ke7 48. Kg3 Rcc2 49. Kf3 Rf2+ 50. Ke4 Rxg2 51. Rh6 Rb5 52. f5 Re2+ 53. Kf3 Ree5 54. Rh7+ Kf6 55. Rf7+ Kg5 56. h4+ Kh6 57. Kf4 Rec5 58. e7 Rb4+ 59. Ke3 Re5+ 60. Kf3 Rbe4 61. f6 Kg6 62. Rf8 Re6 63. h5+ Kh7 64. Rf7+ Kg8 65. Rg7+ Kh8 66. Rf7 Re3+ 67. Kf4 Rb3 68. Kf5 Ree3 69. Rf8+ Kh7 70. e8=Q Rxe8 71. Rxe8 Rb5+ 72. Ke6 Kh6 73. Rh8+ Kg5 74. f7 Rb6+ 75. Ke7 Rb7+ 76. Kf8 Kf6 77. Rh6+ Kg5 78. Rg6+ Kxh5 79. Re6 Rb1 80. Ke7 Rb7+ 81. Kf6 Rb8 82. Re8 Rb6+ 83. Kg7 Rb7 84. Kg8 1-0


[Site "https://www.chess.com"]

[Event "Titled Tuesday Blitz February 07 Late 2023"]
[White "Jarocka, Liwia"]
[Black "Sadovsky, Artem"]
[WhiteFideId "21807558"]
[BlackFideId "4155840"]
[WhiteElo "2225"]
[BlackElo "2276"]
[Result "0-1"]
[Round "08"]
[TimeControl "180+2"]
[Date "2023.02.07"]
[WhiteClock "0:01:12"]
[BlackClock "0:01:25"]

1. d4 g6 2. c4 Bg7 3. Nf3 d6 4. g3 e5 5. Bg2 e4 6. Nfd2 f5 7. e3 Nf6 8. O-O O-O 9. Nc3 c6 10. b3 d5 11. Bb2 Be6 12. Rc1 a6 13. Na4 Nbd7 14. Nc5 Nxc5 15. dxc5 Ng4 16. Bxg7 Kxg7 17. cxd5 Bxd5 18. Nc4 Bxc4 19. Rxc4 Qxd1 20. Rxd1 Rfd8 21. Rcd4 Rxd4 22. Rxd4 Ne5 23. Kf1 a5 24. Ke2 Kf6 25. f3 exf3+ 26. Bxf3 Ke7 27. Bg2 Nd7 28. Rc4 Re8 29. a3 Kf6 30. b4 axb4 31. axb4 Ra8 32. Rd4 Ne5 33. Rd2 Ra4 34. b5 Ke7 35. bxc6 bxc6 36. Rb2 Rc4 37. Rb7+ Kf6 38. Rxh7 Rc2+ 39. Kf1 Rxc5 40. e4 Rc1+ 41. Ke2 Rc2+ 42. Kf1 Ng4 43. Bf3 Nxh2+ 44. Rxh2 Rxh2 45. exf5 Kxf5 46. Bxc6 Kg4 47. Kg1 Rd2 48. Be4 Kxg3 49. Bxg6 Rd1# 0-1


[Site "https://www.chess.com"]

[Event "Titled Tuesday Blitz February 07 Late 2023"]
[White "Jenkins, Drake"]
[Black "Papayan, Oleg"]
[WhiteFideId "2022397"]
[BlackFideId "4193911"]
[WhiteElo "2130"]
[BlackElo "2253"]
[Result "1-0"]
[Round "08"]
[TimeControl "180+2"]
[Date "2023.02.07"]
[WhiteClock "0:01:15"]
[BlackClock "0:00:07"]

1. Nf3 Nf6 2. c4 c5 3. d4 cxd4 4. Nxd4 Nc6 5. Nc3 g6 6. g3 e5 7. Nc2 Bg7 8. Bg2 O-O 9. O-O d6 10. b3 Re8 11. Ba3 Bf8 12. Ne3 a6 13. Qd2 Qa5 14. Bb2 Be6 15. Rfd1 Rad8 16. Bxc6 bxc6 17. Ncd5 Qxd2 18. Nxf6+ Kh8 19. Rxd2 Re7 20. c5 Bg7 21. Rxd6 Rb8 22. Bxe5 Rc8 23. Rad1 Bd5 24. Nfxd5 Rxe5 25. Nb6 Rf8 26. Rxc6 h5 27. Kf1 Rfe8 28. Nbc4 R5e6 29. Rxe6 Rxe6 30. Rd6 Re4 31. c6 Re7 32. Rd7 Rxd7 33. cxd7 Bf6 34. Nd6 Kg8 35. Nd5 Bd8 36. Nb7 Bg5 37. f4 Bd8 38. Nxd8 Kf8 39. Nc6 h4 40. d8=Q+ Kg7 41. Qf6+ Kh7 42. Qxf7+ Kh6 43. Nf6 a5 44. Qh7# 1-0


[Site "https://www.chess.com"]

[Event "Titled Tuesday Blitz February 07 Late 2023"]
[White "Kovacs, Klara"]
[Black "Antonio, Jorge Carlos"]
[WhiteFideId "733210"]
[BlackFideId "113190"]
[WhiteElo "2121"]
[BlackElo "2277"]
[Result "0-1"]
[Round "08"]
[TimeControl "180+2"]
[Date "2023.02.07"]
[WhiteClock "0:00:45"]
[BlackClock "0:00:04"]

1. d4 d5 2. Nf3 c6 3. g3 Nf6 4. Bg2 Bg4 5. O-O e6 6. h3 Bxf3 7. Bxf3 Be7 8. Kg2 Nbd7 9. b3 e5 10. e3 e4 11. Be2 O-O 12. c4 g6 13. Nc3 Bb4 14. Bd2 Qe7 15. Rc1 h5 16. Na4 Bd6 17. c5 Bc7 18. b4 a6 19. Nc3 h4 20. g4 Nh7 21. a4 f5 22. b5 axb5 23. axb5 Ng5 24. b6 Bb8 25. Ra1 Rxa1 26. Qxa1 Nf3 27. Bxf3 exf3+ 28. Kxf3 fxg4+ 29. Ke2 g3 30. f3 Qe6 31. Qa2 Qxh3 32. Nxd5 Qh2+ 33. Kd3 cxd5 34. Qxd5+ Kg7 35. Qxd7+ Rf7 36. Qd5 g2 37. Rc1 g1=Q 38. Rxg1 Qxg1 39. Qe4 Qf2 40. f4 h3 41. d5 Qg2 42. Bc3+ Kh7 43. Qe6 Rg7 44. Bxg7 Kxg7 45. Qe7+ Kh6 46. Qf8+ Kh5 47. Qh8+ Kg4 48. Qxb8 h2 49. Qc8+ Kf3 50. Qxb7 Qf1+ 51. Kd4 h1=Q 52. d6+ Kf2 53. Qxh1 Qxh1 54. d7 Qd1+ 55. Kc4 Qxd7 56. e4 Qc6 57. e5 Kf3 58. e6 Qxe6+ 59. Kb5 Kxf4 60. b7 Qd7+ 61. c6 Qc7 62. Kc5 g5 0-1


[Site "https://www.chess.com"]

[Event "Titled Tuesday Blitz February 07 Late 2023"]
[White "Osmonbekov, Talaibek"]
[Black "Rosenberg, Evan S"]
[WhiteFideId "2017253"]
[BlackFideId "2019299"]
[WhiteElo "2137"]
[BlackElo "1956"]
[Result "1-0"]
[Round "08"]
[TimeControl "180+2"]
[Date "2023.02.07"]
[WhiteClock "0:00:16"]
[BlackClock "0:00:01"]

1. d4 d5 2. Bf4 e6 3. Nc3 a6 4. e3 c5 5. Nf3 Nc6 6. dxc5 Bxc5 7. Bd3 Nge7 8. O-O Ng6 9. Bg3 O-O 10. h4 Bd6 11. h5 Nge5 12. h6 g6 13. Nxe5 Nxe5 14. f4 Nxd3 15. cxd3 Qf6 16. e4 Bc5+ 17. Kh2 Bd7 18. Qg4 Qe7 19. Bh4 f6 20. e5 Qf7 21. Bxf6 Be7 22. Nxd5 exd5 23. Qxd7 Bxf6 24. Qxf7+ Kxf7 25. exf6 Kxf6 26. Rac1 Rac8 27. g4 d4 28. Kg3 Rfe8 29. Rxc8 Rxc8 30. g5+ Kf5 31. Re1 Rc5 32. b4 Rd5 33. a4 b6 34. Kf3 a5 35. b5 Rc5 36. Re4 Rd5 37. Re7 Rc5 38. Rxh7 Rc3 39. Rf7+ Ke6 40. Rf6+ Kd5 41. h7 Rxd3+ 42. Kg4 Rd1 43. h8=Q Rg1+ 44. Kf3 Rf1+ 45. Ke2 Ra1 46. Qd8+ Ke4 47. Qe7+ Kd5 48. Rd6+ Kc4 49. Qe6+ Kb4 50. Rxd4+ Ka3 51. Rd3+ 1-0


[Site "https://www.chess.com"]